 Dungeon Crawl Stone Soup version 0.23-a0-767-gdc19b93d68 (webtiles) character file.

63403 Hercules1031 the Blocker (level 14, -5/145 HPs)
             Began as a Deep Dwarf Fighter on Jan 22, 2019.
             Was a High Priest of Ashenzari.
             Splashed by an acid blob's acid (6 damage)
             ... on level 2 of the Pits of Slime on Jan 23, 2019.
             The game lasted 00:57:13 (14325 turns).

Hercules1031 the Blocker (Deep Dwarf Fighter)      Turns: 14325, Time: 00:57:13

Health: -5/145     AC: 10    Str: 29    XL:     14   Next: 67%
Magic:  1/1        EV: 15    Int: 10    God:    Ashenzari [*****.]
Gold:   1093       SH: 36    Dex: 16    Spells: 13/13 levels left

rFire    . . .     SeeInvis +   a - +2 war axe (flame) (curse)
rCold    + . .     Gourm    .   m - +10 large shield of Ignorance {rN+ Int-4} (curse)
rNeg     + + .     Faith    .   q - +0 chain mail
rPois    .         Spirit   .   l - +0 hat of Qanis {Int+5 Slay+3 SInv} (curse)
rElec    .         Reflect  +   o - +0 cloak (curse)
rCorr    +         Harm     .   k - +2 pair of gloves (curse)
MR       ++...     Clarity  +   e - +0 pair of boots (curse)
Stlth    ..........             D - +4 amulet of reflection (curse)
HPRegen  0.00/turn              j - ring of resist corrosion
MPRegen  0.07/turn              h - ring "Ubriby" {rC+ Dex+4}

@: corroded, non-regenerating
A: damage resistance, heal wounds, iridescent scales 1, negative energy
resistance 1, sense surroundings 2, robust 1, strong 2, no regeneration
a: Heal Wounds, Curse Item, Scrying, Transfer Knowledge, Renounce Religion


You were on level 2 of the Pits of Slime.
You worshipped Ashenzari.
Ashenzari was extremely pleased with you.
You were full.

You visited 4 branches of the dungeon, and saw 19 of its levels.
You also visited: Gauntlet.

You collected 1309 gold pieces.
You spent 216 gold pieces at shops.

Inventory:

Hand Weapons
 a - a cursed +2 war axe of flaming (weapon)
Armour
 e - a cursed +0 pair of boots (worn)
 k - a cursed +2 pair of gloves (worn)
 l - the cursed +0 hat of Qanis (worn) {Int+5 Slay+3 SInv}
   (You found it in a Gauntlet)

   It affects your intelligence (+5).
   It affects your accuracy and damage with ranged weapons and melee attacks
   (+3).
   It lets you see invisible.
   It has a curse placed upon it.
 m - the cursed +10 large shield of Ignorance (worn) {rN+ Int-4}
   (You found it on level 7 of the Dungeon)

   It affects your intelligence (-4).
   It protects you from negative energy.
   It has a curse placed upon it.
 o - a cursed +0 cloak (worn)
 q - a +0 chain mail (worn)
 u - a +0 troll leather armour
 I - a +0 helmet
Jewellery
 b - a +4 ring of dexterity
 g - an uncursed ring of flight
 h - the ring "Ubriby" (right hand) {rC+ Dex+4}
   (You found it in a Gauntlet)

   [ring of protection from cold]

   It affects your dexterity (+4).
   It protects you from cold.
 j - a ring of resist corrosion (left hand)
 r - an uncursed ring of protection from fire
 t - an uncursed amulet of harm
 v - an uncursed ring of fire
 w - an uncursed ring of protection from cold
 A - an uncursed ring of resist corrosion
 D - a cursed +4 amulet of reflection (around neck)
 G - the ring of Fecvun {rN++ Str+2 Dex-2}
   (You found it in a Gauntlet)

   [ring of strength]

   It affects your strength (+2).
   It affects your dexterity (-2).
   It greatly protects you from negative energy.
 J - an uncursed ring of ice
 O - a +5 ring of evasion
Wands
 n - a wand of iceblast (15)
 y - a wand of polymorph (10)
 C - a wand of flame (23)
 H - a wand of scattershot (7)
Scrolls
 i - 5 scrolls of teleportation
 p - 16 scrolls of identify
 s - 4 scrolls of amnesia
 B - 2 scrolls of blinking
 E - a scroll of fear
 L - a scroll of silence
Potions
 c - 3 potions of haste
 d - a potion of brilliance
 z - a potion of cancellation
 F - a potion of resistance
 K - 3 potions of lignification
 M - a potion of might
 N - a potion of magic
Comestibles
 f - 9 rations


   Skills:
 + Level 10.0 Fighting
 + Level 11.3(15.0) Axes
 + Level 11.8(15.4) Armour
 + Level 11.2 Dodging
 * Level 14.3(16.5) Shields
 + Level 12.8 Evocations


You had 13 spell levels left.
You didn't know any spells.
Your spell library contained the following spells:

 Spells                   Type           Power        Failure   Level  Hunger
 Animate Skeleton         Necr           N/A          98%         1    ##.....
 Beastly Appendage        Tmut           #.....       98%         1    ##.....
 Confusing Touch          Hex            #.....       98%         1    ##.....
 Pain                     Necr           #...         98%         1    ##.....
 Ensorcelled Hibernation  Hex/Ice        #.....       99%         2    ###....
 Sticks to Snakes         Tmut           #.......     99%         2    ###....
 Confuse                  Hex            #.......     100%        3    ####...
 Gell's Gravitas          Tloc           #.........   100%        3    ####...
 Recall                   Summ/Tloc      N/A          100%        3    ####...
 Spider Form              Tmut/Pois      #.........   100%        3    ####...
 Summon Guardian Golem    Hex/Summ       #.......     100%        3    ####...
 Vampiric Draining        Necr           #.........   100%        3    ####...
 Animate Dead             Necr           N/A          100%        4    #####..
 Ice Form                 Ice/Tmut       #.......     100%        4    #####..
 Petrify                  Tmut/Erth      #.......     100%        4    #####..
 Summon Ice Beast         Ice/Summ       #.......     100%        4    #####..
 Summon Lightning Spire   Summ/Air       #.......     100%        4    #####..
 Aura of Abjuration       Summ           #.........   100%        5    ######.
 Blade Hands              Tmut           #.........   100%        5    ######.
 Bolt of Magma            Conj/Fire/Erth #.........   100%        5    ######.
 Borgnjor's Vile Clutch   Necr/Erth      #.........   100%        5    ######.
 Excruciating Wounds      Chrm/Necr      #.........   100%        5    ######.
 Lee's Rapid Deconstruct  Erth           #.........   100%        5    ######.
 Metabolic Englaciation   Hex/Ice        #.........   100%        5    ######.
 Silence                  Hex/Air        #.........   100%        5    ######.
 Summon Demon             Summ           #.........   100%        5    ######.
 Summon Forest            Summ/Tloc      #.........   100%        5    ######.
 Summon Mana Viper        Hex/Summ       #.......     100%        5    ######.
 Yara's Violent Unravell  Hex/Tmut       #.........   100%        5    ######.
 Darkness                 Hex            #.........   100%        6    #######
 Shadow Creatures         Summ           N/A          100%        6    #######
 Regeneration             Chrm/Necr      Unusable     N/A         3    N/A

Dungeon Overview and Level Annotations

Branches:
Dungeon (9/15)             Temple (1/1) D:7            Lair (6/6) D:9
 Shoals (0/4) Lair:2        Snake (0/4) Lair:3        Slime (3/5) Lair:6
    Orc: D:9-12

Altars:
Ashenzari
Cheibriados
Dithmenos
Elyvilon
Fedhas
Gozag
Hepliaklqana
Kikubaaqudgha
Makhleb
Nemelex Xobeh
Okawaru
Qazlal
Ru
Sif Muna
Trog
Uskayaw
Vehumet
Wu Jian
Xom
Yredelemnul
Zin
The Shining One
Jiyva

Shops:
D:6 =**   D:8 *

Portals:
Hell: Lair:6

Annotations:
D:7 1 runed door, exclusion: 4 orange crystal statues


Innate Abilities, Weirdness & Mutations

You are resistant to damage.
You can heal yourself by infusing magical energy.
You resist negative energy. (rN+)
You passively map the area around you.
You do not regenerate.
You are partially covered in iridescent scales. (AC +2)
You are robust. (+10% HP)
Your muscles are very strong. (Str +4)


Message History

You hit the large slime creature. You burn the large slime creature.
You hit the slime creature. You burn the slime creature.
The acid blob spits acid at you. The splash of acid hits you! You resist.
* * * LOW HITPOINT WARNING * * *
You are splashed with acid!
The acid burns!
You resist.
* * * LOW HITPOINT WARNING * * *
You block the titanic slime creature's attack.
You block the slime creature's attack.
You hit the acid blob but do no damage.
Your hands burn!
* * * LOW HITPOINT WARNING * * *
The acid blob is almost dead.
You hit the titanic slime creature. You burn the titanic slime creature.
You hit the large slime creature. You burn the large slime creature.
You hit the slime creature. You burn the slime creature.
The acid blob spits acid at you. The splash of acid hits you! You resist.
* * * LOW HITPOINT WARNING * * *
You are splashed with acid!
The acid burns!
You resist.
You die...

##....#.#...........
###................##.
##.#.......#.....#.####
#...............###.##.
##......#........#.....
##..#...#.......###....
#...#.........#.###....
##...J...........#....#
#...J@<........##.....
##...JJ................
#.......#..............
#.<....................
#..................#...
##.........<.........#.
#....................#
#...................##
##..#...###.........#


You could see an acid blob, a titanic slime creature, a large slime creature and
a slime creature.

Vanquished Creatures
  2 acid blobs (Slime:2)
  3 azure jellies (Slime:2)
  An entropy weaver (Gauntlet)
  A minotaur (Gauntlet)
  The ghost of domsik the Arsonist, a journeyman DEFE of Vehumet (Lair:3)
  2 great orbs of eyes
  A catoblepas (Lair:6)
  8 hydras
  3 death yaks (Lair:4)
  2 two-headed ogres (D:8)
  A sun demon (Lair:6)
  A wizard (Lair:6)
  An orange crystal statue (Gauntlet)
  A shining eye (Slime:2)
  3 eyes of devastation (Slime:2)
  Maurice (D:8)
  15 elephants
  6 black mambas
  2 orange demons (Lair:6)
  11 spiny frogs
  A smoke demon (Lair:6)
  5 rime drakes
  3 ice devils (Lair:6)
  11 komodo dragons
  A troll (D:9)
  A jumping spider (Gauntlet)
  2 polar bears
  38 slime creatures
  Prince Ribbit (D:6)
  6 hippogriffs
  12 blink frogs
  3 wyverns
  4 yaks
  2 golden eyes
  4 basilisks
  3 nagas (Lair:3)
  3 wargs (D:9)
  Edmund (D:5)
  14 water moccasins
  4 hell hounds (Lair:6)
  8 porcupines
  2 sky beasts (D:8)
  3 eyes of draining (Slime:2)
  2 orc warriors (D:8)
  7 black bears
  3 phantoms
  4 ogres
  2 necrophages
  8 centaurs
  4 ice beasts
  8 crocodiles
  8 wolves
  A big kobold (D:8)
  7 bullfrogs
  A water moccasin zombie (D:8)
  A wyvern zombie (D:8)
  A wyvern skeleton (D:8)
  9 wights (D:8)
  A howler monkey (D:4)
  An electric eel (Lair:5)
  2 crimson imps (D:6)
  A centaur zombie (D:7)
  A bullfrog zombie (D:9)
  6 hounds
  2 jellies (D:9)
  A bullfrog skeleton (D:7)
  A centaur skeleton (D:8)
  4 orc priests
  3 iguanas
  2 hell rats (Lair:3)
  15 orc wizards
  7 worker ants
  A killer bee zombie (D:8)
  A hound skeleton (D:5)
  12 gnolls
  15 adders
  7 river rats (Lair:3)
  An ooze (D:5)
  An adder skeleton (D:8)
  5 worms
  5 dart slugs
  6 leopard geckos
  24 orcs
  10 bats
  5 giant cockroaches
  9 goblins
  5 hobgoblins
  6 jackals
  4 quokkas
  A ball python (D:4)
  A ball python zombie (D:6)
  10 frilled lizards
  13 kobolds
  A leopard gecko zombie (D:6)
  A quokka skeleton (D:5)
  9 rats
  5 fungi
  8 plants
477 creatures vanquished.

Vanquished Creatures (others)
  3 fungi (Lair:2)
  6 plants
9 creatures vanquished.

Grand Total: 486 creatures vanquished

Notes
Turn   | Place    | Note
-------+----------+-------------------------------------------
     0 | D:1      | Hercules1031 the Deep Dwarf Fighter began the quest for the
                  | Orb.
     0 | D:1      | Reached XP level 1. HP: 20/20 MP: 1/1
    92 | D:1      | Reached XP level 2. HP: 17/27 MP: 2/2
   238 | D:1      | Reached skill level 1 in Dodging
   459 | D:1      | Reached XP level 3. HP: 12/33 MP: 3/3
   911 | D:2      | Reached XP level 4. HP: 31/42 MP: 4/4
  1743 | D:3      | Reached skill level 4 in Shields
  1750 | D:3      | Reached XP level 5. HP: 47/49 MP: 5/5
  2455 | D:4      | Reached XP level 6. HP: 50/57 MP: 5/5
  2610 | D:4      | HP: 2/57 [ogre/+0 giant club (12)]
  2615 | D:4      | Reached skill level 1 in Evocations
  2833 | D:4      | Reached XP level 7. HP: 37/64 MP: 7/7
  3464 | D:4      | Reached skill level 5 in Armour
  3537 | D:5      | Entered Level 5 of the Dungeon
  3544 | D:5      | Reached skill level 5 in Shields
  3562 | D:5      | Noticed Edmund
  3581 | D:5      | Killed Edmund
  3942 | D:6      | Found Wadukag's Jewellery Shoppe.
  3955 | D:6      | Reached XP level 8. HP: 45/73 MP: 8/8
  3974 | D:6      | Found Turoc's General Store.
  3977 | D:6      | Bought a potion of curing for 36 gold pieces
  3977 | D:6      | Bought a scroll of identify for 24 gold pieces
  4036 | D:6      | Found Miubaati's Assorted Antiques.
  4049 | D:6      | Bought a pair of boots for 108 gold pieces
  4049 | D:6      | Bought a scroll of identify for 48 gold pieces
  4192 | D:6      | Reached skill level 5 in Axes
  4197 | D:6      | HP: 2/73 [something (18)]
  4530 | D:6      | Noticed Prince Ribbit
  4538 | D:6      | Killed Prince Ribbit
  4723 | D:6      | Reached skill level 5 in Fighting
  4723 | D:6      | Reached skill level 6 in Shields
  4751 | D:6      | Reached skill level 5 in Evocations
  4781 | D:6      | Reached skill level 5 in Dodging
  5060 | D:7      | Found a runed door.
  5067 | D:7      | Found the +10 large shield of Ignorance {rN+ Int-4}
  5078 | D:7      | Noticed an orange crystal statue
  5078 | D:7      | Noticed an orange crystal statue
  5078 | D:7      | Noticed an orange crystal statue
  5078 | D:7      | Noticed an orange crystal statue
  5079 | D:7      | Found a runed door.
  5170 | D:7      | Gained mutation: You passively map the area around you.
                  | [Deep Dwarf growth]
  5170 | D:7      | Reached XP level 9. HP: 49/80 MP: 7/7
  5268 | D:7      | Found a staircase to the Ecumenical Temple.
  5299 | Temple   | Entered the Ecumenical Temple
  5573 | Temple   | Became a worshipper of Ashenzari the Shackled
  6605 | D:8      | Noticed Maurice
  6731 | D:8      | Found a burning altar of Makhleb.
  6773 | D:8      | Noticed a two-headed ogre
  6811 | D:8      | Killed a two-headed ogre
  6811 | D:8      | Reached skill level 7 in Shields
  6861 | D:8      | Reached XP level 10. HP: 60/91 MP: 10/10
  6933 | D:8      | Killed Maurice
  7234 | D:8      | Reached * piety under Ashenzari
  7302 | D:8      | Found Femossac's Assorted Antiques.
  7456 | D:8      | Found a hide-covered altar of Uskayaw.
  7536 | D:8      | Reached skill level 8 in Shields
  7567 | D:9      | Noticed a two-headed ogre
  7586 | D:8      | Killed a two-headed ogre
  7646 | D:9      | Found a staircase to the Lair.
  8079 | Lair:1   | Entered Level 1 of the Lair of Beasts
  8090 | Lair:1   | Reached skill level 9 in Shields
  8090 | Lair:1   | Reached XP level 11. HP: 86/99 MP: 8/8
  8102 | Lair:1   | Reached ** piety under Ashenzari
  8314 | Lair:1   | Noticed a six-headed hydra
  8324 | Lair:1   | Killed a one-headed hydra
  8938 | Lair:2   | Noticed a six-headed hydra
  8950 | Lair:2   | Killed a one-headed hydra
  8950 | Lair:2   | Reached skill level 10 in Shields
  9326 | Lair:2   | Found a staircase to the Shoals.
  9420 | Lair:2   | Reached XP level 12. HP: 86/110 MP: 9/9
  9780 | Lair:3   | Reached *** piety under Ashenzari
  9823 | Lair:3   | Reached skill level 10 in Evocations
  9883 | Lair:3   | Found a staircase to the Snake Pit.
  9894 | Lair:3   | Reached skill level 11 in Shields
  9929 | Lair:3   | Found a transporter.
  9933 | Lair:3   | Noticed domsik's ghost (journeyman DEFE)
  9948 | Lair:3   | Found a transporter.
 10024 | Lair:3   | Killed domsik's ghost
 10632 | Lair:4   | Noticed a death yak
 10636 | Lair:4   | Noticed a death yak
 10637 | Lair:4   | Noticed a death yak
 10649 | Lair:4   | Reached skill level 10 in Armour
 10660 | Lair:4   | Killed a death yak
 10662 | Lair:4   | Killed a death yak
 10671 | Lair:4   | Killed a death yak
 10887 | Lair:4   | Noticed a four-headed hydra
 10894 | Lair:4   | Killed a one-headed hydra
 10979 | Lair:4   | Reached skill level 12 in Shields
 11001 | Lair:4   | Reached **** piety under Ashenzari
 11091 | Lair:4   | Reached XP level 13. HP: 91/118 MP: 6/6
 11174 | Lair:4   | Reached skill level 10 in Axes
 11679 | Lair:5   | Found a gate leading to a gauntlet.
 11693 | Gauntlet | Entered a Gauntlet
 11693 | Gauntlet | Found a transporter.
 11698 | Gauntlet | Found a transporter.
 11699 | Gauntlet | Identified the ring "Ubriby" {rC+ Dex+4}
 11700 | Gauntlet | Found a transporter.
 11718 | Gauntlet | Noticed an entropy weaver
 11742 | Gauntlet | Identified the cursed +0 hat of Qanis {Int+5 Slay+3 SInv}
 11743 | Gauntlet | Found a transporter.
 11773 | Gauntlet | Killed an entropy weaver
 11814 | Gauntlet | Noticed a minotaur
 11841 | Gauntlet | Killed a minotaur
 11850 | Gauntlet | Identified the Papyrus of the Thirteen Places
 11850 | Gauntlet | Identified Peod's Further Steps in Witchery
 11851 | Gauntlet | Identified the ring of Fecvun {rN++ Str+2 Dex-2}
 12004 | Lair:5   | Reached skill level 10 in Dodging
 12474 | Lair:6   | Entered Level 6 of the Lair of Beasts
 12523 | Lair:6   | Gained mutation: You are partially covered in iridescent
                  | scales. (AC +2) [potion of mutation]
 12523 | Lair:6   | Gained mutation: Your muscles are strong. (Str +2) [potion
                  | of mutation]
 12523 | Lair:6   | Gained mutation: Your muscles are very strong. (Str +4)
                  | [potion of mutation]
 12523 | Lair:6   | Gained mutation: You are robust. (+10% HP) [potion of
                  | mutation]
 12619 | Lair:6   | Reached ***** piety under Ashenzari
 12673 | Lair:6   | Reached skill level 13 in Shields
 12950 | Lair:6   | Found a burning altar of Makhleb.
 13002 | Lair:6   | Gained mutation: You resist negative energy. (rN+) [Deep
                  | Dwarf growth]
 13002 | Lair:6   | Reached XP level 14. HP: 91/141 MP: 6/6
 13005 | Lair:6   | Found a gateway to Hell.
 13167 | Lair:6   | Found a viscous altar of Jiyva.
 13167 | Lair:6   | Found a staircase to the Slime Pits.
 13284 | Slime:1  | Entered Level 1 of the Pits of Slime
 13613 | Slime:2  | Noticed an azure jelly
 13613 | Slime:2  | Noticed an acid blob
 13633 | Slime:2  | Killed an acid blob
 13633 | Slime:2  | Noticed an acid blob
 13638 | Slime:2  | Killed an azure jelly
 13684 | Slime:2  | Killed an acid blob
 13939 | Slime:2  | Noticed an azure jelly
 13951 | Slime:2  | Killed an azure jelly
 14022 | Slime:2  | Reached skill level 14 in Shields
 14278 | Slime:3  | Noticed an azure jelly
 14280 | Slime:3  | Noticed an acid blob
 14281 | Slime:3  | Noticed an acid blob
 14282 | Slime:3  | Noticed an acid blob
 14283 | Slime:3  | Reached skill level 10 in Fighting
 14308 | Slime:2  | Killed an azure jelly
 14312 | Slime:3  | Noticed an acid blob
 14324 | Slime:2  | HP: 6/145 [acid (5)]
 14325 | Slime:2  | HP: 1/145 [acid blob/splash of acid (4)]
 14325 | Slime:2  | Splashed by an acid blob's acid

Vault maps used:
D:1:      ebering_hopf_link
D:2:      first_ration, minmay_lizard_pond
D:4:      hangedman_abyss_or_decor_jellyfish_corner, grunt_ministairs_5
D:5:      uniq_edmund
D:6:      minmay_spotlight, serial_shops, shop, shop, shop, lemuel_flame_loot_1,
          uniq_prince_ribbit1
D:7:      minmay_temple_entry_junction, chequers_guarded_unrand_ignorance
D:8:      kennysheep_mini_moat, serial_shops, shop, basic_altar, uniq_maurice
D:9:      erik_lair_orcish_takeover
Temple:   compressed_dpeg_triangle_lava_temple
Lair:2:   minmay_shoals_entry_centaurs
Lair:3:   guppyfry_snake_entry_island, gammafunk_ghost_arena,
          eino_small_chamber_without_monster, chequers_serial_rivers_micro_c,
          kennysheep_rathole
Lair:5:   gauntlet_entry_generic, nicolae_quartered_pool_little,
          grunt_megastairs_1, infiniplex_staircase_pool
Lair:6:   evil_forest, dpeg_slime_entry_enclosed_altar, lookout_lair_type
Gauntlet: minmay_gauntlet_mixed_oops_all_seconds

Skill      XL: |  1  2  3  4  5  6  7  8  9 10 11 12 13 14 |
---------------+-------------------------------------------+-----
Dodging        | 1 2 3 4 5 6 7 8 9 10 11 | 11.2
Fighting       | 3 4 5 6 7 8 9 10 | 10.0
Axes           | 3 4 5 6 7 8 9 10 11 | 11.3
Armour         | 4 5 6 7 8 9 10 11 | 11.8
Shields        | 4 5 6 7 9 10 12 13 14 | 14.3
Evocations     | 2 3 5 6 8 9 10 12 | 12.8

Action                   |  1- 3 |  4- 6 |  7- 9 | 10-12 | 13-15 || total
-------------------------+-------+-------+-------+-------+-------++-------
Melee: War axe           |   117 |   237 |   463 |   762 |   536 ||  2115
Invok: Curse Item        |       |       |     3 |     4 |       ||     7
 Abil: Heal Wounds       |     1 |     4 |    23 |    30 |    42 ||   100
       Evoke Flight      |       |       |       |       |     1 ||     1
  Use: Scroll            |     3 |     1 |     9 |     4 |     1 ||    18
       Potion            |       |     4 |     9 |     4 |     7 ||    24
 Stab: Invisible         |       |       |       |       |     9 ||     9
  Eat: Ration            |     2 |       |     5 |     6 |     3 ||    16
       Chunk             |       |       |       |     2 |       ||     2
Armor: Scale mail        |    74 |   119 |       |       |       ||   193
       Chain mail        |       |    23 |   332 |   226 |   145 ||   726
Dodge: Dodged            |    41 |    83 |   206 |   164 |   157 ||   651
Block: Shield            |    63 |   135 |   228 |       |       ||   426
       Large shield      |       |       |   249 |  1236 |   869 ||  2354
       Reflection        |       |       |       |       |    16 ||    16

Table legend:
 A = Non-vault XP
 B = Vault XP
 C = Vault XP percentage of total XP
 D = Non-vault monster count
 E = Vault monster count
 F = Vault count percentage of total count
                 A         B        C        D         E       F
            +---------+---------+-------+---------+---------+-------
      Total |   70917 |   19659 |  21.7 |     384 |      80 |  17.2
            +---------+---------+-------+---------+---------+-------
        D:1 |      46 |       0 |   0.0 |      24 |       0 |   0.0
        D:2 |      96 |       7 |   6.8 |      26 |       7 |  21.2
        D:3 |     199 |       0 |   0.0 |      31 |       0 |   0.0
        D:4 |     560 |      46 |   7.6 |      21 |       3 |  12.5
        D:5 |     246 |     154 |  38.5 |      10 |       1 |   9.1
        D:6 |     946 |     266 |  21.9 |      16 |       2 |  11.1
        D:7 |     899 |       0 |   0.0 |      15 |       0 |   0.0
        D:8 |    4871 |     472 |   8.8 |      51 |       1 |   1.9
        D:9 |    1384 |     663 |  32.4 |      23 |       9 |  28.1
     Lair:1 |    5813 |       0 |   0.0 |      21 |       0 |   0.0
     Lair:2 |    6159 |     544 |   8.1 |      22 |       5 |  18.5
     Lair:3 |    3350 |    3404 |  50.4 |      16 |      20 |  55.6
     Lair:4 |   11942 |       0 |   0.0 |      29 |       0 |   0.0
     Lair:5 |    3744 |     107 |   2.8 |      10 |       1 |   9.1
     Lair:6 |    5367 |   10439 |  66.0 |      15 |      27 |  64.3
    Slime:1 |    3865 |       0 |   0.0 |      11 |       0 |   0.0
    Slime:2 |   20682 |       0 |   0.0 |      40 |       0 |   0.0
    Slime:3 |     748 |       0 |   0.0 |       3 |       0 |   0.0
   Gauntlet |       0 |    3557 | 100.0 |       0 |       4 | 100.0
            +---------+---------+-------+---------+---------+-------
